 Dungeon Crawl Stone Soup version 0.30-a0-605-gb2882149bf (webtiles) character file.

Game seed: 8277313445272548601

2480 jasper the Destroyer (level 9, -2/67 HPs)
             Began as a Demigod Conjurer on Jan 7, 2023.
             Slain by a hornet (15 damage)
             ... on level 9 of the Dungeon.
             The game lasted 00:11:42 (7123 turns).

jasper the Destroyer (Demigod Conjurer)             Turns: 7123, Time: 00:11:43

Health: -2/67      AC:  7    Str:  8    XL:     9   Next: 6%
Magic:  12/20      EV: 12    Int: 32    God:
Gold:   366        SH:  5    Dex: 12    Spells: 0/18 levels left

rFire   . . .      SeeInvis .    o - +2 dagger (venom)
rCold   . . .      Faith    .    (no shield)
rNeg    . . .      Spirit   .    z - +0 steam dragon scales
rPois   .          Reflect  +    (no helmet)
rElec   .          Harm     .    t - +0 cloak
rCorr   .          Rampage  .    v - +0 pair of gloves
Will    .....                    (no boots)
Stlth   ++                       g - amulet of reflection
HPRegen 0.31/turn                (no ring)
MPRegen 0.17/turn                (no ring)

@: lethally poisoned (-2 -> -8), slowed, very slow
A: high MP 1, forlorn, divine attributes
a: no special abilities


You were on level 9 of the Dungeon.
You visited 1 branch of the dungeon, and saw 9 of its levels.

You collected 444 gold pieces.
You spent 78 gold pieces at shops.

Inventory:

Hand Weapons
 d - a +0 hand axe of draining
 o - a +2 dagger of venom (weapon)
Missiles
 c - 79 stones
 f - 26 poisoned darts
Armour
 a - a +0 robe
 h - a +0 chain mail
 j - a +0 robe of positive energy
 l - a +0 leather armour of cold resistance
 t - a +0 cloak (worn)
 v - a +0 pair of gloves (worn)
 z - +0 steam dragon scales (worn)
 B - a +1 robe of resistance
Jewellery
 g - an amulet of reflection (around neck)
Wands
 e - a wand of quicksilver (4)
 n - a wand of iceblast (5)
 u - a wand of charming (11)
 x - a wand of digging (5)
Scrolls
 i - a scroll of poison
 p - 7 scrolls of teleportation
 w - a scroll of immolation
 y - a scroll of enchant weapon {unknown}
Potions
 b - a potion of magic
 k - a potion of berserk rage
 m - 3 potions of haste
 q - 2 potions of curing
 r - a potion of invisibility
 s - 2 potions of lignification
 A - 2 potions of heal wounds
 C - a potion of flight {unknown}


   Skills:
 + Level 1.7 Fighting
 + Level 1.8 Armour
 + Level 2.7 Dodging
 - Level 1.7 Stealth
 - Level 5.2 Spellcasting
 - Level 8.1 Conjurations
 - Level 4.0 Hexes
 - Level 2.6 Ice Magic
 - Level 2.6 Air Magic


You couldn't memorise any spells.
You knew the following spells:

 Your Spells              Type           Power      Damage    Failure   Level
a - Magic Dart            Conj           100%       1d8       1%          1
b - Searing Ray           Conj           100%       2d8       1%          2
c - Dazzling Flash        Conj/Hex       94%        N/A       1%          3
d - Fulminant Prism       Conj/Hex       23%        3d12      4%          4
e - Freezing Cloud        Conj/Ice/Air   18%        6-21      22%         5
f - Swiftness             Air            25%        N/A       4%          3

Your spell library contained the following spells:

 Spells                   Type           Power      Damage    Failure   Level
 Shock                    Conj/Air       100%       1d9       1%          1
 Iskenderun's Mystic Bla  Conj/Tloc      34%        2d8       10%         4
 Airstrike                Air            12%        2d(2-18)  17%         4
 Simulacrum               Ice/Necr       8%         N/A       99%         6
 Polar Vortex             Ice            12%        N/A       100%        9


Dungeon Overview and Level Annotations

Branches:
Dungeon (9/15)             Temple (0/1) D:4            Lair (0/5) D:8
    Orc: D:9-12

Shops:
D:2 [[!?   D:4 =

Annotations:
D:8 3 runed translucent doors, 2 transporters, Gastronok; SirDiesAlot's ghost, novice DsGl


Innate Abilities, Weirdness & Mutations

You have an increased reservoir of magic. (+10% MP)
You shall have no god before yourself.
Your divine heritage dramatically boosts your attributes as you level up.


Message History

You are poisoned.
You feel yourself slow down. The hornet stings you!
You feel as though you will be slow longer.
You take 24 damage, and have 43/67 hp.
MASSIVE DAMAGE!!
You now have 14/20 mp.
The searing ray hits the hornet.
The hornet is severely wounded.
You finish channelling your searing ray.
You feel very sick. The hornet closely misses you.
You block the hornet's attack.
You take 3 damage, and have 40/67 hp.
Casting: Searing Ray (safe; 1% risk of failure)
Confirm with . or Enter, or press ? or * to list all spells.
Aiming: Searing Ray (safe; 1% risk of failure)
Press: ? - help, Shift-Dir - straight line, f/p - hornet
Aim: a hornet (severely wounded, 74% to hit)
The searing ray hits the hornet.
The hornet is almost dead. (Press . to maintain the ray.)
You feel sick. The hornet closely misses you.
The hornet stings you but does no damage.
You take 1 damage, and have 39/67 hp.
You now have 12/20 mp.
The searing ray hits the hornet.
The hornet is almost dead.
You feel sick. The hornet stings you.
You are more poisoned.
You feel as though you will be slow longer.
The hornet stings you.
You suddenly lose the ability to move!
You feel very sick. The hornet stings you.
You feel as though you will be slow longer.
The hornet stings you.
* * * LOW HITPOINT WARNING * * *
You feel as though you will be slow longer.
You can move again.
You take 20 damage, and have 19/67 hp.
MASSIVE DAMAGE!!
You now have 11/20 mp.
You feel very sick. The hornet stings you.
* * * LOW HITPOINT WARNING * * *
You shrug off the repeated paralysis!
The hornet stings you!
You die...

..#?$!#.... ..#?$(#...#
#..#)$(#...#
#..#####...### ####
#............# ....
.............###########
..............).......††
......#.......##########
#...y@#.....#
#..#.###...## #. #.
###.# #. #.# #. #.# #.
#.# #. #.. #.


You could see a hornet.

Vanquished Creatures
  Grinder (D:4)
  Sigmund (D:2)
  A steam dragon (D:6)
  An ice beast (D:6)
  A sky beast (D:5)
  2 ogres
  A phantom (D:6)
  2 bullfrogs (D:9)
  A necrophage (D:5)
  6 scorpions
  4 wights (D:9)
  5 killer bees (D:9)
  3 howler monkeys (D:9)
  A hound (D:6)
  4 jellies
  An orc priest (D:9)
  Jessica (D:2)
  An iguana (D:5)
  4 orc wizards
  5 adders
  A white imp (D:6)
  2 ufetubi
  2 dart slugs
  19 orcs
  6 bats
  8 endoplasms
  4 giant cockroaches
  6 goblins
  6 hobgoblins
  8 jackals (D:3)
  A quokka (D:4)
  4 ball pythons
  2 frilled lizards
  7 kobolds
  5 rats
127 creatures vanquished.

Vanquished Creatures (others)
  A fulminant prism (D:5)
  4 plants (D:7)
5 creatures vanquished.

Grand Total: 132 creatures vanquished

Notes
Turn   | Place    | Note
-------+----------+-------------------------------------------
     0 | D:1      | jasper the Demigod Conjurer began the quest for the Orb.
     0 | D:1      | Reached XP level 1. HP: 14/14 MP: 5/5
   779 | D:1      | Reached skill level 4 in Conjurations
  1273 | D:2      | Reached XP level 2. HP: 20/20 MP: 4/7
  1467 | D:2      | Found Silienis's Antique Armour Shoppe.
  1480 | D:2      | Found Lujeh's Distillery.
  1490 | D:2      | Bought 2 potions of curing for 78 gold pieces
  1551 | D:2      | Noticed Jessica
  1558 | D:2      | Killed Jessica
  1559 | D:2      | Reached XP level 3. HP: 26/26 MP: 0/8
  1562 | D:2      | Learned a level 2 spell: Searing Ray
  1637 | D:2      | Found Soumuoruhe's Armour Shop.
  1673 | D:2      | Noticed a scorpion
  1684 | D:2      | Killed a scorpion
  1685 | D:2      | Reached skill level 5 in Conjurations
  1685 | D:2      | Reached XP level 4. HP: 7/33 MP: 1/9
  1771 | D:2      | Noticed Sigmund
  1793 | D:2      | Killed Sigmund
  1794 | D:2      | Reached skill level 6 in Conjurations
  1794 | D:2      | Reached XP level 5. HP: 26/38 MP: 4/10
  1874 | D:2      | Learned a level 3 spell: Dazzling Flash
  2071 | D:2      | Found Ezineima's Magic Scroll Emporium.
  3411 | D:4      | Reached XP level 6. HP: 45/45 MP: 4/11
  3575 | D:4      | Reached skill level 7 in Conjurations
  3851 | D:4      | Found Ypter's Jewellery Emporium.
  3905 | D:4      | Noticed Grinder
  3912 | D:4      | Paralysed by Grinder for 3 turns
  3923 | D:4      | Killed Grinder
  4214 | D:4      | Found a staircase to the Ecumenical Temple.
  4383 | D:5      | Entered Level 5 of the Dungeon
  4544 | D:5      | Reached skill level 8 in Conjurations
  4544 | D:5      | Reached XP level 7. HP: 43/50 MP: 5/12
  4668 | D:5      | Learned a level 4 spell: Fulminant Prism
  5270 | D:5      | Learned a level 5 spell: Freezing Cloud
  5307 | D:6      | Reached skill level 5 in Spellcasting
  5307 | D:6      | Reached XP level 8. HP: 57/57 MP: 7/19
  5400 | D:6      | Reached skill level 1 in Hexes
  6250 | D:6      | Reached skill level 1 in Ice Magic
  6250 | D:6      | Reached skill level 1 in Air Magic
  6480 | D:8      | Found a runed translucent gate.
  6481 | D:8      | Found a runed translucent gate.
  6482 | D:8      | Found a runed translucent gate.
  6483 | D:8      | Noticed SirDiesAlot's ghost (novice DsGl)
  6487 | D:8      | Found a transporter.
  6494 | D:8      | Found a transporter.
  6507 | D:8      | Noticed Gastronok
  6509 | D:8      | Found a staircase to the Lair.
  6969 | D:9      | Reached skill level 1 in Fighting
  6969 | D:9      | Reached skill level 1 in Armour
  7038 | D:9      | Reached XP level 9. HP: 56/64 MP: 15/20
  7046 | D:9      | Learned a level 3 spell: Swiftness
  7121 | D:9      | Paralysed by a hornet for 2 turns
  7123 | D:9      | Slain by a hornet

Illustrated notes

Levels and vault maps discovered:
D:1:      amcnicky_arrival_abandoned_market, layout_basic, nicolae_eternal_life,
          minmay_pentomino_t2
D:2:      layout_basic, basic_altar, serial_shops, shop,
          nicolae_shop_behind_doors, nicolae_shop_statue_plus,
          nicolae_shop_window_shopping, uniq_jessica, uniq_sigmund
D:3:      layout_loops_corners
D:4:      layout_rooms, nicolae_ru_the_path_less_chosen,
          minmay_temple_entry_purple_smoke, serial_shops,
          nicolae_inconvenience_store, dreamdust_mushroom_princess, uniq_grinder
D:5:      layout_cave_pools
D:6:      layout_loops_ring, zin_academy
D:7:      layout_basic, serial_bayou, serial_bayou_pond_a, serial_bayou_shore_a,
          serial_bayou_pond_d, serial_bayou_ford_a, minmay_mini_ossuary,
          uniq_pikel
D:8:      layout_rooms, lair_entry_dummy, gammafunk_ghost_split,
          serial_nicolae_subway, nicolae_sub_station_metal,
          nicolae_sub_station_crystal, nicolae_sub_station_stone, uniq_erica,
          uniq_gastronok
D:9:      layout_loops_ring, due_unseen_surprise

Skill      XL: |  1  2  3  4  5  6  7  8 |
---------------+-------------------------+-----
Conjurations   | 4 5 6 8 |  8.1
Spellcasting   | 5 |  5.2
Hexes          | 4 |  4.0
Ice Magic      | 2 |  2.6
Air Magic      | 2 |  2.6
Dodging        | 2 |  2.7
Fighting       | 1 |  1.7
Armour         | 1 |  1.8
Stealth        | |  1.7

Action                   |  1- 3 |  4- 6 |  7- 9 || total
-------------------------+-------+-------+-------++-------
Melee: Hand axe          |     1 |       |       ||     1
       Dagger            |     2 |     9 |    13 ||    24
Throw: Dart              |     5 |       |       ||     5
 Cast: Magic Dart        |    50 |   109 |    79 ||   238
       Searing Ray       |       |     7 |    27 ||    34
       Fulminant Prism   |       |       |     1 ||     1
  Use: Scroll            |     3 |     8 |     1 ||    12
       Potion            |       |     5 |       ||     5
Armor: Robe              |     2 |     7 |     5 ||    14
       Steam dragon scal |       |       |     7 ||     7
Dodge: Dodged            |     7 |    12 |    27 ||    46
Block: Other             |     4 |     9 |    15 ||    28
       Reflection        |     1 |       |       ||     1

Table legend: (Time is in decaauts)
 A = Elapsed time spent in this place.
 B = Non-inter-level travel time spent in this place.
 C = Inter-level travel time spent in this place.
 D = Time resting spent in this place.
 E = Time spent auto-exploring this place.
 F = Levels seen in this place.
 G = Mean time per level.
                   A        B        C        D        E       F      G
               +--------+--------+--------+--------+--------+-----+--------+
         Total |   7124 |   6958 |    166 |    735 |   5378 |   9 |  791.6 |
       Dungeon |   7124 |   6958 |    166 |    735 |   5378 |   9 |  791.6 |
               +--------+--------+--------+--------+--------+-----+--------+

Top non-repeatable levels by time:
     D:1: 1349 daAuts
     D:3: 1179 daAuts
     D:6: 1101 daAuts
     D:4: 966 daAuts
     D:5: 906 daAuts
     D:2: 889 daAuts
     D:9: 610 daAuts
     D:7: 72 daAuts
     D:8: 48 daAuts
